Map: Frozen Temple

Players

hinO

  • Race: Zerg Zerg
  • League: Master
  • Spawn Location: 5:00

Amix - Winner!

  • Race: Zerg Zerg
  • League: Platinum
  • Spawn Location: 11:00

VOD

Have the link to the VOD?

Description

Time

  • Played on: Nov. 16, 2016, 1:46 p.m.
  • Length: 3:33
Show
View Real Time Build Order
Export as new Build Order

hinO Zerg 

Build Orders: Pool Only 

Get SALT Encoding   

  12  0:01  Drone  
  13  0:22  Spawning Pool  
  13  0:27  Drone  
  13  0:30  Drone  
  14  0:36  Extractor  
  14  0:37  Drone  
  14  0:44  Overlord  
  14  1:09  Zergling x4  
  14  1:10  Queen, Zergling x2  
  19  1:20  Zergling x2  
  20  1:34  Zergling x2  
  20  1:35  Metabolic Boost  
  21  1:44  Zergling x2  
  21  1:59  Baneling Nest, Zergling x2  
  21  2:06  Zergling x2  
  22  2:16  Overlord  
  22  2:34  Zergling x6  
  25  2:40  Zergling x2  
  26  2:47  Zergling x2  
  26  2:50  Baneling x2  
  25  2:55  Baneling x2  
  25  2:57  Zergling x6  
  27  3:08  Zergling x2  
Show
View Real Time Build Order
Export as new Build Order

Amix Zerg - Winner!

Build Orders: Pool Only 

Get SALT Encoding   

  12  0:01  Drone  
  13  0:22  Spawning Pool  
  13  0:26  Drone  
  13  0:30  Drone  
  14  0:35  Extractor  
  14  0:37  Drone  
  14  0:46  Overlord  
  14  1:09  Zergling x4  
  14  1:10  Zergling x2  
  17  1:14  Queen  
  19  1:20  Zergling x2  
  20  1:32  Zergling x2  
  21  1:35  Metabolic Boost  
  21  1:42  Zergling x2  
  20  1:58  Zergling x2  
  21  2:05  Queen  
  21  2:06  Zergling x2  
  22  2:16  Baneling Nest  
  22  2:17  Zergling x2  
  22  2:26  Overlord  
  21  3:00  Zergling x8  
  22  3:12  Baneling x3  
  20  3:13  Baneling  
Tags
 
Add a new tag
Caveats
  • Supply blocks, unpowered buildings, or Contaminate may cause inaccurate times.
  • Supply counts are checked every 10 seconds.